 Dungeon Crawl Stone Soup version 0.30.1-3-gfc49f6343a (webtiles) character file.

Game seed: 250944440720092376

881 bobby32 the Trooper (level 7, -4/63 HPs)
             Began as a Purple Draconian Berserker on July 27, 2023.
             Slain by a polar bear (19 damage)
             ... created by the rage of Trog
             ... on level 6 of the Dungeon.
             The game lasted 00:29:12 (4647 turns).

bobby32 the Trooper (Purple Draconian Berserker)    Turns: 4647, Time: 00:29:14

Health: -4/63      AC:  6    Str: 19    XL:     7   Next: 75%
Magic:  7/7        EV: 13    Int: 13    God:
Gold:   194        SH:  0    Dex: 13    Spells: 6/6 levels left

rFire   . . .        x - +2 quarterstaff (chaos)
rCold   . . .        (shield currently unavailable)
rNeg    . . .        (body armour unavailable)
rPois   .            (helmet restricted)
rElec   .            (no cloak)
rCorr   .            (no gloves)
SInv    .            (no boots)
Will    +....        i - amulet of magic regeneration
Stlth   ++           v - +6 ring of intelligence
HPRegen 0.30/turn    (no ring)
MPRegen 0.50/turn

%: no passive effects
@: short of breath
A: breathe power, AC +6, unfitting armour, cold-blooded
a: Breathe Dispelling Energy


You were on level 6 of the Dungeon.
You visited 1 branch of the dungeon, and saw 6 of its levels.

You collected 194 gold pieces.

Inventory:

Hand Weapons
 a - a +0 spear
 x - a +2 quarterstaff of chaos (weapon)
Missiles
 b - 2 poisoned darts (quivered)
Armour
 p - a +0 buckler
Jewellery
 i - an amulet of magic regeneration (around neck)
 v - a +6 ring of intelligence (left hand)
Wands
 d - a wand of iceblast (6)
 m - a wand of paralysis (7)
Scrolls
 c - 5 scrolls of vulnerability {unknown}
 f - a scroll of immolation {unknown}
 h - 3 scrolls of identify {unknown}
 j - 3 scrolls of enchant weapon {unknown}
 k - a scroll of poison {unknown}
 q - a scroll of brand weapon {unknown}
 r - 3 scrolls of fog {unknown}
 t - a scroll of blinking {unknown}
 u - 2 scrolls of teleportation {unknown}
Potions
 e - 2 potions of cancellation {unknown}
 g - 3 potions of flight {unknown}
 l - 2 potions of brilliance {unknown}
 n - 4 potions of heal wounds {unknown}
 o - a potion of might {unknown}
 s - 2 potions of ambrosia {unknown}
 w - a potion of mutation {unknown}


   Skills:
 + Level 6.0 Fighting
 + Level 6.0 Polearms
 + Level 0.5(3.7) Staves
 * Level 5.0 Dodging
 + Level 1.8 Stealth
 + Level 1.2 Shields


You had 6 spell levels left.
You didn't know any spells.
Your spell library was empty.

Dungeon Overview and Level Annotations

Branches:
Dungeon (6/15)             Temple (0/1) D:4

Altars:
Nemelex Xobeh


Innate Abilities, Weirdness & Mutations

You can breathe bolts of dispelling energy.
Your rich purple scales are hard. (AC +6)
You cannot fit into any form of body armour.
You are cold-blooded and may be slowed by cold attacks.


Message History

The polar bear is lightly wounded.
The polar bear misses you.
The polar bear claws you but does no damage.
The polar bear closely misses you.
The polar bear bites you but does no damage.
The polar bear barely misses you. The polar bear claws you.
The polar bear bites you!
* * * LOW HITPOINT WARNING * * *
The polar bear barely misses you. The polar bear claws you.
* * * LOW HITPOINT WARNING * * *
The black bear rages.
The polar bear misses you.
The polar bear completely misses you. x2
Unknown command.
You are too injured to fight recklessly!
You are too injured to fight recklessly!
You are too injured to fight recklessly!
You are too injured to fight recklessly!
You are too injured to fight recklessly!
You are too injured to fight recklessly!
You are too injured to fight recklessly!
There are monsters nearby!
You are too injured to fight recklessly!
You are too injured to fight recklessly!
You are too injured to fight recklessly!
Okay, then.
You are too injured to fight recklessly!
You are too injured to fight recklessly!
You are too injured to fight recklessly!
You are too injured to fight recklessly!
You are too injured to fight recklessly!
You are too injured to fight recklessly!
You are too injured to fight recklessly!
You are too injured to fight recklessly!
Okay, then.
Aiming: Paralyse
Press: ? - help, Shift-Dir - straight line, f/p - polar bear
Aim: a polar bear (lightly wounded, durably summoned, berserk, chance to affect: 49%)
The polar bear resists with some effort.
The polar bear bites you!!
You die...

# #.......#.## #.## #.#
#.###..##..###.# # #.#
#..####.#.# ## ####. .## #..#
##..###. #... .. ...# ###.#.#
##.. .## ##..# ##.## #####..##
##.# #.## #... ........##
##.h#####.# ##.<.
#####..#.###..hh@hOf.########...#
#.....#>..h#####.##..........
#..###.##..# #.##.#####....
#..###.##..# #.##.# ##.#.
#......##..# #f##.# #.#.
#...#####..# #.##.## #.#. #...#
#..# #.#...#####.#. #...# #..#
#........<#.#( #####...# ..#
###...###.#.#


You could see 4 polar bears, a black bear (berserk), an ogre and a sleepcap.

Vanquished Creatures
  Grinder (D:5)
  An ogre (D:3)
  A scorpion (D:5)
  2 jellies
  4 hounds
  A sleepcap (D:6)
  Crazy Yiuf (D:5)
  An iguana (D:4)
  Ijyb (D:3)
  Natasha (D:3)
  3 gnolls (D:2)
  8 adders
  A shadow imp (D:6)
  An ufetubus (D:4)
  2 worms (D:3)
  3 dart slugs (D:2)
  10 orcs
  5 ball pythons
  6 endoplasms
  6 giant cockroaches
  5 goblins
  10 hobgoblins
  4 kobolds
  A quokka (D:4)
  3 bats
  3 frilled lizards
  11 rats
96 creatures vanquished.

Notes
Turn   | Place    | Note
-------+----------+-------------------------------------------
     0 | D:1      | bobby32 the Draconian Berserker began the quest for the
                  | Orb.
     0 | D:1      | Reached XP level 1. HP: 19/19 MP: 1/1
    68 | D:1      | You fall into a shaft and drop 1 floor!
   132 | D:2      | Reached XP level 2. HP: 26/26 MP: 2/2
   290 | D:2      | Reached XP level 3. HP: 23/33 MP: 3/3
   357 | D:2      | Found a sparkling altar of Nemelex Xobeh.
   560 | D:2      | Reached ** piety under Trog
   695 | D:2      | Reached XP level 4. HP: 37/40 MP: 4/4
   870 | D:3      | Noticed an ogre
   877 | D:3      | Killed an ogre
   878 | D:3      | Reached XP level 5. HP: 34/47 MP: 5/5
  1001 | D:3      | Noticed Ijyb
  1016 | D:3      | Paralysed by Ijyb for 5 turns
  1023 | D:3      | Killed Ijyb
  1302 | D:3      | Found a glowing drain.
  1599 | D:3      | Noticed Natasha
  1608 | D:3      | Killed Natasha
  1728 | D:4      | Found a staircase to the Ecumenical Temple.
  1829 | D:4      | Reached XP level 6. HP: 48/55 MP: 6/6
  1868 | D:4      | Reached skill level 5 in Fighting
  2079 | D:4      | Reached skill level 5 in Polearms
  2079 | D:4      | Reached skill level 1 in Stealth
  2763 | D:5      | Entered Level 5 of the Dungeon
  3149 | D:5      | Noticed Grinder
  3156 | D:5      | Paralysed by Grinder for 4 turns
  3182 | D:5      | Killed Grinder
  3183 | D:5      | Your scales start taking on a rich purple colour.
  3183 | D:5      | Reached XP level 7. HP: 51/62 MP: 7/7
  3186 | D:5      | Reached skill level 1 in Shields
  3199 | D:5      | Fell from the grace of Trog
  3323 | D:5      | Found a runed translucent door.
  3324 | D:5      | Noticed Crazy Yiuf
  3909 | D:5      | Killed Crazy Yiuf
  4394 | D:6      | Reached skill level 5 in Dodging
  4642 | D:6      | Noticed a polar bear
  4642 | D:6      | Noticed a polar bear
  4642 | D:6      | Noticed a polar bear
  4642 | D:6      | Noticed a polar bear
  4647 | D:6      | Slain by a polar bear

Illustrated notes

Levels and vault maps discovered:
D:1:      heliophobic_arrival_battle_scene, layout_basic,
          chequers_ecumenical_altar_simple_redux, minmay_misc_feat_four_crosses
D:2:      layout_loops_ring, basic_altar, minmay_indecisive_spiral
D:3:      layout_rooms, portal_sewer_entry_b, uniq_natasha, uniq_ijyb
D:4:      layout_basic, minmay_temple_entry_glassed_door,
          kennysheep_generic_room_7
D:5:      layout_basic, uniq_crazy_yiuf_cottage, uniq_grinder
D:6:      layout_loops_ring, amcnicky_altar_gilded, uniq_prince_ribbit1

Skill      XL: |  1  2  3  4  5  6  7 |
---------------+----------------------+-----
Dodging        | 3 4 5 |  5.0
Fighting       | 4 5 6 |  6.0
Polearms       | 4 5 6 |  6.0
Stealth        | 1 |  1.8
Shields        | 1 |  1.2
Staves         | |  0.5

Action                     |  1- 3 |  4- 6 |  7- 9 || total
---------------------------+-------+-------+-------++-------
  Melee: Spear             |    61 |   239 |    25 ||   325
         Tailslap          |     8 |    35 |     7 ||    50
         Punch             |       |     2 |       ||     2
         Quarterstaff      |       |       |    25 ||    25
 Invoke: Berserk           |       |     3 |       ||     3
         Trog's Hand       |       |     2 |       ||     2
         Renounce Religion |       |       |     1 ||     1
Ability: Breathe Dispellin |       |       |     1 ||     1
  Evoke: Wand              |       |       |     1 ||     1
   Stab: Sleeping          |       |     2 |     1 ||     3
 Armour: Skin              |    11 |    57 |    16 ||    84
  Dodge: Dodged            |    35 |   175 |    45 ||   255
  Block: Buckler           |       |    22 |     4 ||    26
